 Dungeon Crawl Stone Soup version 0.27-a0-279-gdfb9265905 (webtiles) character file.

Game seed: 15295077244031880735

204 puppykicker the Bolt Thrower (level 6, -11/47 HPs)
             Began as a Formicid Arcane Marksman on Feb 7, 2021.
             Mangled by an ogre
             ... wielding a +0 giant club
              (27 damage)
             ... on level 3 of the Dungeon.
             The game lasted 00:20:38 (3483 turns).

puppykicker the Bolt Thrower (FoAM)                 Turns: 3483, Time: 00:20:39

Health: -11/47     AC:  7    Str: 17    XL:     6   Next: 9%
Magic:  4/7        EV: 11    Int: 12    God:
Gold:   155        SH:  0    Dex: 11    Spells: 4/7 levels left

rFire    . . .     SeeInvis +   b - +1 dagger (speed)
rCold    . . .     Faith    .   (no shield)
rNeg     . . .     Spirit   .   j - +0 ring mail
rPois    .         Reflect  .   (helmet unavailable)
rElec    .         Harm     .   p - +0 cloak
rCorr    .         Rampage  .   n - +0 pair of gloves
Will     .....                  (no boots)
Stlth    +.........             (no amulet)
HPRegen  0.15/turn              (no ring)
MPRegen  0.10/turn              (no ring)

@: no status effects
A: permanent stasis, dig shafts and tunnels, four strong arms, antennae 3
a: Dig, Shaft Self


You were on level 3 of the Dungeon.
You visited 1 branch of the dungeon, and saw 3 of its levels.

You collected 155 gold pieces.

Inventory:

Hand Weapons
 a - a +0 hand crossbow
 b - a +1 dagger of speed (weapon)
 w - a +0 war axe
Missiles
 d - 13 bolts
 f - 3 curare-tipped darts
Armour
 j - a +0 ring mail (worn)
 n - a +0 pair of gloves (worn)
 p - a +0 cloak (worn)
Scrolls
 g - a scroll of magic mapping {!r}
 i - a scroll of enchant armour {unknown}
Potions
 c - 2 potions of magic
 e - 2 potions of curing
 h - a potion of resistance
 l - a potion of haste {unknown}
 m - a potion of degeneration {unknown}


   Skills:
 + Level 3.5 Fighting
 * Level 4.9 Crossbows
 - Level 1.7 Dodging
 - Level 1.1 Spellcasting
 - Level 3.6 Hexes


You had 4 spell levels left.
You knew the following spells:

 Your Spells              Type           Power        Failure   Level
a - Corona                Hex            10%          13%         1
s - Slow                  Hex            9%           19%         2

Your spell library contained the following spells:

 Spells                   Type           Power        Failure   Level
 Inner Flame              Hex/Fire       5%           61%         3
 Portal Projectile        Hex/Tloc       10%          61%         3
 Cause Fear               Hex            4%           77%         4
 Leda's Liquefaction      Hex/Erth       2%           95%         4


Dungeon Overview and Level Annotations

Branches:
Dungeon (3/15)

Altars:
Elyvilon
Okawaru
Zin

Annotations:
D:3 Grinder, Terence


Innate Abilities, Weirdness & Mutations

You cannot be hasted, slowed, berserked, paralysed or teleported.
You can dig through walls and to a lower floor.
Your four strong arms can wield two-handed weapons with a shield.
You have a pair of large antennae on your head. (SInv)


Message History

Press: ? - help, Q - select action Shift-Dir - straight line, f/p - ogre
Aim: an ogre, wielding a +0 giant club (heavily wounded, 77% to hit)
You shoot a bolt. The bolt barely misses the ogre.
Your hands tingle!
b - a +1 dagger of speed (weapon)
You hit the ogre. The ogre hits you with a +0 giant club!
You take 16 damage, and have 31/47 hp.
MASSIVE DAMAGE!!
You hit the ogre.
Unknown command.
You barely miss the ogre. The ogre hits you with a +0 giant club!
* * * LOW HITPOINT WARNING * * *
You take 16 damage, and have 15/47 hp.
MASSIVE DAMAGE!!
You see here a leather armour.
You hit the ogre.
Your ring mail prevents you from hitting the ogre.
The ogre hits you with a +0 giant club!!
Ouch! That really hurt!
You die...

#...#
#...{.....#.#
######.#
#.#######.#.#
..O....# #.# #.#.#
######.######.####
#.#.#
#..(.((.....#
#...#
#.######.##[#
#|.## #.# #.##.#
#..# #.# #.##O#
#..# #.#
#.##@####..# #.#
#..........# #.#
#####.#####.# #.
#.....# #.#
#.##### #.# #.#
#.# #.#


You could see an ogre.

Levels and vault maps discovered:
D:1:      dpeg_arrival_short_road, layout_rooms, dk_noncrumbling_4
D:2:      layout_loops_ring, gammafunk_temple_overflow_pools,
          uniq_crazy_yiuf_cottage
D:3:      layout_loops_ring, nicolae_overflow_hidden_temple,
          kennysheep_generic_room_8, uniq_jessica, uniq_grinder, uniq_terence

Notes
Turn   | Place    | Note
-------+----------+-------------------------------------------
     0 | D:1      | puppykicker the Formicid Arcane Marksman began the quest
                  | for the Orb.
     0 | D:1      | Reached XP level 1. HP: 15/15 MP: 2/2
   125 | D:1      | Reached XP level 2. HP: 21/21 MP: 3/3
   134 | D:1      | Identified a +0 club
   134 | D:1      | Identified a +0 dagger
   164 | D:1      | Identified a +1 dagger of speed
   225 | D:1      | Identified a +0 hand crossbow
   276 | D:1      | Identified a +0 dagger
   392 | D:1      | Identified a +0 dagger
   517 | D:1      | Identified a +0 dagger
   538 | D:1      | Identified a +0 ring mail (You found it on level 1 of the
                  | Dungeon)
   564 | D:1      | Identified a +0 club
   691 | D:1      | Learned a level 2 spell: Slow
   738 | D:2      | Reached skill level 2 in Fighting
   738 | D:2      | Reached skill level 3 in Crossbows
   738 | D:2      | Reached XP level 3. HP: 13/27 MP: 0/4
   841 | D:2      | Identified a +0 dagger
   958 | D:2      | Identified a +0 mace (You found it on level 1 of the
                  | Dungeon)
  1163 | D:2      | Found a runed translucent door.
  1164 | D:2      | Identified a +2 quarterstaff of chaos
  1164 | D:2      | Identified a cursed +0 cloak
  1164 | D:2      | Noticed Crazy Yiuf
  1566 | D:2      | Identified a +0 pair of gloves (You found it on level 2 of
                  | the Dungeon)
  1581 | D:2      | Found an iron altar of Okawaru.
  1581 | D:2      | Found a glowing silver altar of Zin.
  1644 | D:2      | Identified a cursed +0 club
  1661 | D:2      | Killed Crazy Yiuf
  1662 | D:2      | Reached XP level 4. HP: 17/34 MP: 5/5
  1672 | D:2      | HP: 8/34 [poisoned by Crazy Yiuf]
  1678 | D:2      | HP: 6/34 [poisoned by Crazy Yiuf]
  1683 | D:2      | HP: 5/34 [poisoned by Crazy Yiuf]
  1691 | D:2      | HP: 4/34 [poisoned by Crazy Yiuf]
  1987 | D:2      | Identified 2 scrolls of identify
  1987 | D:2      | Identified 2 potions of magic
  1988 | D:2      | Identified a potion of resistance
  2010 | D:2      | Identified a +0 club
  2088 | D:2      | Identified a cursed -3 dagger (You found it on level 2 of
                  | the Dungeon)
  2089 | D:2      | Identified 2 scrolls of magic mapping
  2090 | D:2      | Identified a scroll of random uselessness
  2091 | D:2      | Identified a scroll of amnesia
  2092 | D:2      | Identified a scroll of fog
  2230 | D:2      | Identified a scroll of remove curse
  2349 | D:3      | Reached skill level 4 in Crossbows
  2353 | D:3      | Identified a +1 vampiric dagger
  2353 | D:3      | Identified a +0 robe
  2355 | D:3      | Identified a +0 hand axe
  2355 | D:3      | Identified a +0 scale mail
  2355 | D:3      | Noticed Terence
  2364 | D:3      | Noticed Grinder
  2384 | D:3      | Found a white marble altar of Elyvilon.
  2399 | D:3      | Reached XP level 5. HP: 11/40 MP: 6/6
  2399 | D:3      | Identified 3 potions of curing
  2410 | D:3      | HP: 10/40 [worm (9)]
  2421 | D:3      | HP: 9/40 [Terence/+0 hand axe (3)]
  2441 | D:3      | Identified a +0 club
  2441 | D:3      | Identified a +0 robe
  2441 | D:3      | Noticed Jessica
  2458 | D:3      | Identified a +0 flail
  2458 | D:3      | HP: 10/40 [orc/javelin (2)]
  2460 | D:3      | Identified a +0 dagger
  2460 | D:3      | Identified a +0 robe
  2460 | D:3      | Identified a +0 short sword
  2460 | D:3      | Identified a +0 leather armour
  2465 | D:3      | HP: 10/40 [orc/+0 flail (1)]
  2471 | D:3      | HP: 6/40 [orc wizard/puff of flame (5)]
  2473 | D:3      | Identified a +0 giant club
  2473 | D:3      | Noticed an ogre
  2477 | D:3      | Identified a +0 club
  2498 | D:2      | HP: 6/40 [leopard gecko (3)]
  2904 | D:3      | Identified a +0 war axe
  2904 | D:3      | Identified a +0 chain mail
  2917 | D:3      | Reached skill level 3 in Fighting
  3280 | D:3      | Identified a +0 club
  3316 | D:3      | Killed Jessica
  3317 | D:3      | Reached XP level 6. HP: 43/47 MP: 2/7
  3370 | D:3      | Identified a +0 dagger
  3483 | D:3      | Mangled by an ogre

Table legend: (Time is in decaauts)
 A = Elapsed time spent in this place.
 B = Non-inter-level travel time spent in this place.
 C = Inter-level travel time spent in this place.
 D = Time resting spent in this place.
 E = Time spent auto-exploring this place.
 F = Levels seen in this place.
 G = Mean time per level.
                   A        B        C        D        E       F      G
               +--------+--------+--------+--------+--------+-----+--------+
         Total |   3446 |   3318 |    128 |   1313 |   1290 |   3 | 1148.7 |
       Dungeon |   3446 |   3318 |    128 |   1313 |   1290 |   3 | 1148.7 |
               +--------+--------+--------+--------+--------+-----+--------+

Top non-repeatable levels by time:
     D:2: 1833 daAuts
     D:1: 914 daAuts
     D:3: 698 daAuts

Table legend:
 A = Kills in this place as a percentage of kills in entire the game.
 B = Kills by you in this place as a percentage of kills by you in the entire game.
 C = Kills by friends in this place as a percentage of kills by friends in the entire game.
 D = Other kills in this place as a percentage of other kills in the entire game.
 E = Experience gained in this place as a percentage of experience gained in the entire game.
 F = Experience gained in this place divided by the number of levels of this place that you have seen.
                   A       B       C       D       E      F
               +-------+-------+-------+-------+-------+----------------------
         Total | 100.0 | 100.0 |   N/A |   N/A | 100.0 |  97.3
       Dungeon | 100.0 | 100.0 |   N/A |   N/A | 100.0 |  97.3
               +-------+-------+-------+-------+-------+----------------------

Skill      XL: |  1  2  3  4  5 |
---------------+----------------+-----
Fighting       | 2 3 |  3.5
Crossbows      | 3 4 |  4.9
Dodging        | |  1.7
Spellcasting   | |  1.1
Hexes          | |  3.6

Action                   |  1- 3 |  4- 6 || total
-------------------------+-------+-------++-------
Melee: Dagger            |    52 |   130 ||   182
       Mace              |    18 |    11 ||    29
 Fire: Hand crossbow     |    37 |    18 ||    55
Throw: Dart              |       |    26 ||    26
 Cast: Slow              |     4 |     7 ||    11
       Corona            |     1 |       ||     1
 Abil: Dig               |       |     4 ||     4
  Use: Scroll            |       |     7 ||     7
       Potion            |       |     1 ||     1
Armor: Robe              |     8 |       ||     8
       Ring mail         |    32 |    88 ||   120
Dodge: Dodged            |    61 |   117 ||   178

Vanquished Creatures
  Crazy Yiuf (D:2)
  A centaur skeleton (D:3)
  Jessica (D:3)
  7 adders
  A worm (D:3)
  A dart slug (D:1)
  2 leopard geckos (D:2)
  An orc (D:3)
  A ball python (D:1)
  13 bats
  A giant cockroach (D:1)
  6 goblins
  5 hobgoblins
  5 jackals (D:3)
  2 frilled lizards
  5 kobolds
  2 rats (D:2)
55 creatures vanquished.
